 Dungeon Crawl Stone Soup version 0.26-a0-579-g3afe4966bf (webtiles) character file.

Game seed: 11228972379893930646

12623 Devinter the Marksminotaur (level 11, -9/106 HPs)
             Began as a Minotaur Hunter on Aug 19, 2020.
             Was a High Priest of Okawaru.
             Mangled by a white ugly thing (35 damage)
             ... on level 15 of the Dungeon on Aug 23, 2020.
             The game lasted 01:09:54 (11794 turns).

Devinter the Marksminotaur (Minotaur Hunter)       Turns: 11794, Time: 01:09:55

Health: -9/106     AC: 17    Str: 17    XL:     11   Next: 64%
Magic:  16/16      EV: 10    Int: 14    God:    Okawaru [*****.]
Gold:   470        SH:  0    Dex: 20    Spells: 10/10 levels left

rFire    . . .     SeeInvis .   a - +1 shortbow
rCold    . . .     Faith    .   (shield currently unavailable)
rNeg     . . .     Spirit   .   j - +0 chain mail
rPois    .         Reflect  .   (helmet restricted)
rElec    .         Harm     .   d - +0 cloak
rCorr    .                      D - +2 pair of gloves
MR       .....                  l - +2 pair of boots
Stlth    ..........             x - amulet of magic regeneration
HPRegen  0.27/turn              K - +6 ring of dexterity
MPRegen  0.40/turn              P - +6 ring of intelligence

@: no status effects
A: retaliatory headbutt, horns 2, talons 1, robust 1
a: Heroism, Finesse, Renounce Religion


You were on level 15 of the Dungeon.
You worshipped Okawaru.
Okawaru was extremely pleased with you.
You visited 2 branches of the dungeon, and saw 14 of its levels.
You also visited: Ossuary.

You collected 580 gold pieces.
You spent 110 gold pieces at shops.

Inventory:

Hand Weapons
 a - a +1 shortbow (weapon)
 y - a +1 mace of draining
 G - the +6 glaive "Otedoq" {elec, rC+ SInv}
   (You found it on level 7 of the Dungeon)

   Occasionally, upon striking a foe, it will discharge some electrical energy
   and cause terrible harm.
   It protects you from cold.
   It lets you see invisible.
 H - a +0 vorpal long sword
 N - a cursed +4 long sword
 O - a +2 mace of freezing
Missiles
 h - 96 bolts
 w - 221 arrows (quivered)
Armour
 c - a +0 leather armour
 d - a +0 cloak (worn)
 j - a +0 chain mail (worn)
 l - a +2 pair of boots (worn)
 D - a +2 pair of gloves (worn)
Jewellery
 g - an uncursed ring of ice
 i - an uncursed ring of magical power
 v - an uncursed ring of wizardry
 x - an amulet of magic regeneration (around neck)
 A - a +6 ring of intelligence
 K - a +6 ring of dexterity (left hand)
 P - a +6 ring of intelligence (right hand)
Wands
 b - a wand of random effects (18)
 J - a wand of iceblast (6)
 R - a wand of flame (21)
Scrolls
 e - 2 scrolls of blinking {unknown}
 k - 6 scrolls of amnesia {unknown}
 n - 2 scrolls of fear {unknown}
 o - a scroll of enchant armour {unknown}
 p - 9 scrolls of teleportation
 r - 15 scrolls of identify
 s - a scroll of noise {unknown}
 t - 6 scrolls of remove curse {unknown}
 B - 3 scrolls of enchant weapon {unknown}
 C - 2 scrolls of fog {unknown}
Potions
 f - 2 potions of heal wounds
 m - 4 potions of curing
 q - 4 potions of mutation
 u - a potion of lignification
 z - 2 potions of haste
 E - a potion of brilliance
 F - 3 potions of resistance {unknown}
 I - 2 potions of ambrosia {unknown}
 L - 2 potions of might {unknown}
 M - a potion of magic {unknown}
 Q - a potion of flight {unknown}
Miscellaneous
 S - a box of beasts (3/3)
 T - a tin of tremorstones (3/3)


   Skills:
 + Level 9.3 Fighting
 + Level 15.0 Bows
 - Level 5.0 Armour
 - Level 5.0 Dodging
 - Level 1.0 Stealth
 + Level 8.3 Invocations


You had 10 spell levels left.
You didn't know any spells.
Your spell library contained the following spells:

 Spells                   Type           Power        Failure   Level
 Animate Skeleton         Necr           #.....       98%         1
 Pain                     Necr           #...         98%         1
 Summon Small Mammal      Summ           #...         98%         1
 Call Imp                 Summ           #.......     99%         2
 Call Canine Familiar     Summ           #.......     100%        3
 Summon Guardian Golem    Hex/Summ       #.......     100%        3
 Vampiric Draining        Necr           #.........   100%        3
 Animate Dead             Necr           #.........   100%        4
 Summon Ice Beast         Ice/Summ       #.......     100%        4
 Summon Lightning Spire   Summ/Air       #.......     100%        4
 Agony                    Necr           #.......     100%        5


Dungeon Overview and Level Annotations

Branches:
Dungeon (15/15)            Temple (1/1) D:5            Lair (0/6) D:10
    Orc (0/2) D:9         Ossuary (visited)
 Vaults: D:13-14     Depths: D:15

Altars:
Cheibriados
Dithmenos
Elyvilon
Fedhas
Kikubaaqudgha
Nemelex Xobeh
Okawaru
Qazlal
Sif Muna
Trog
Wu Jian
Xom

Shops:
D:4 :   D:5 *

Annotations:
D:3 3 runed translucent doors, hab5's ghost, amateur MiBe


Innate Abilities, Weirdness & Mutations

You reflexively headbutt those who attack you in melee.
You have a pair of horns on your head.
You have sharp toenails.
You are robust. (+10% HP)


Message History

The white ugly thing tail-slaps you but does no damage.
The white ugly thing trunk-slaps you! The white ugly thing freezes you!!
The bullfrog closely misses you. You furiously retaliate!
You headbutt the bullfrog.
You climb downwards.
There is a stone staircase leading up, spattered with blood here.
The white ugly thing tail-slaps you but does no damage.
The white ugly thing tail-slaps you. The white ugly thing freezes you!!
* * * LOW HITPOINT WARNING * * *
The white ugly thing tail-slaps you.
* * * LOW HITPOINT WARNING * * *
The white ugly thing freezes you!!
* * * LOW HITPOINT WARNING * * *
The white ugly thing basks in the mutagenic energy from its kin and changes!
Items here: ( )))) [[.
You see here a +0 falchion.
You feel much better. The white ugly thing tail-slaps you.
* * * LOW HITPOINT WARNING * * *
The white ugly thing freezes you!!
You die...

#.........#
#.)#.####.#
#<.#.#
#..#...#
#..#...#
##u.#...#
#F..##.##
#u#.# ..
#@#...#.
#[###...#
#.# #.##
........#
.#
.######## #


You could see 2 ugly things and a bullfrog.

Vanquished Creatures
  Harold (D:8)
  2 two-headed ogres
  An unseen horror (D:10)
  An orc knight (D:15)
  2 ugly things (D:15)
  A cyclops (D:11)
  Maurice (D:10)
  A kobold demonologist (D:9)
  A hornet (D:10)
  Prince Ribbit (D:6)
  2 hippogriffs
  A wyvern (D:10)
  4 yaks (D:11)
  2 water moccasins
  A black bear (D:8)
  3 ice beasts
  2 orc warriors
  2 phantoms
  2 sky beasts
  4 necrophages (D:10)
  3 ogres
  5 centaurs
  16 big kobolds
  9 bullfrogs
  4 scorpions
  7 wights
  10 howler monkeys
  A bullfrog zombie (D:8)
  9 hounds
  4 jellies
  6 centaur zombies
  A bullfrog skeleton (D:10)
  4 orc priests
  A centaur skeleton (D:10)
  Jessica (D:3)
  10 orc wizards
  7 iguanas
  9 worker ants
  2 hound zombies (D:10)
  A hound skeleton (D:6)
  2 mummies (Ossuary)
  3 gnolls (D:3)
  7 adders
  A shadow imp (D:6)
  6 white imps
  An ufetubus (D:6)
  An ooze (D:5)
  An adder skeleton (D:3)
  A worm (D:3)
  3 dart slugs (D:1)
  7 leopard geckos
  56 orcs
  4 ball pythons
  7 bats
  6 giant cockroaches
  9 goblins
  7 hobgoblins
  16 jackals
  18 kobolds
  3 quokkas
  A frilled lizard (D:3)
  A hobgoblin zombie (Ossuary)
  A jackal skeleton (D:4)
  5 rats
  A bush (D:10)
313 creatures vanquished.

Vanquished Creatures (others)
  16 plants (D:10)
16 creatures vanquished.

Grand Total: 329 creatures vanquished

Notes
Turn   | Place    | Note
-------+----------+-------------------------------------------
     0 | D:1      | Devinter the Minotaur Hunter began the quest for the Orb.
     0 | D:1      | Reached XP level 1. HP: 18/18 MP: 0/0
   123 | D:1      | Found a sparkling altar of Nemelex Xobeh.
   146 | D:1      | Reached skill level 1 in Stealth
   245 | D:1      | Reached XP level 2. HP: 25/25 MP: 1/1
   514 | D:1      | Reached skill level 3 in Fighting
   712 | D:1      | Reached XP level 3. HP: 31/31 MP: 2/2
  1041 | D:2      | Reached skill level 5 in Bows
  1041 | D:2      | Reached skill level 3 in Dodging
  1047 | D:2      | Reached skill level 1 in Armour
  1246 | D:2      | Reached skill level 2 in Armour
  1320 | D:2      | Reached XP level 4. HP: 38/38 MP: 3/3
  1505 | D:3      | Upgraded the game from 0.26-a0-546-g3c2127501a to
                  | 0.26-a0-576-gcfaa98f945
  1543 | D:3      | Reached skill level 3 in Armour
  1573 | D:3      | Found a runed translucent gate.
  1573 | D:3      | Found a runed translucent gate.
  1573 | D:3      | Found a runed translucent gate.
  1699 | D:3      | Noticed Jessica
  1703 | D:3      | Killed Jessica
  1703 | D:3      | Reached XP level 5. HP: 40/45 MP: 4/4
  1830 | D:3      | Reached skill level 6 in Bows
  1875 | D:3      | Found an ancient bone altar of Kikubaaqudgha.
  1920 | D:3      | Noticed hab5's ghost (amateur MiBe)
  2434 | D:4      | Found a snail-covered altar of Cheibriados.
  2434 | D:4      | Noticed an ogre
  2542 | D:4      | Found Wykhliga's Book Shop.
  2572 | D:4      | Reached XP level 6. HP: 47/51 MP: 5/5
  2608 | D:4      | Reached skill level 7 in Bows
  2718 | D:4      | Reached skill level 8 in Bows
  2909 | D:4      | Found an ornate altar of the Wu Jian Council.
  2909 | D:4      | Found a shadowy altar of Dithmenos.
  3025 | D:4      | Reached XP level 7. HP: 57/57 MP: 6/6
  3045 | D:5      | Entered Level 5 of the Dungeon
  3129 | D:5      | Found Eneebb Fate's General Store.
  3137 | D:5      | Reached skill level 9 in Bows
  3213 | D:5      | Bought a potion of heal wounds for 55 gold pieces
  3213 | D:5      | Bought a scroll of teleportation for 33 gold pieces
  3213 | D:5      | Bought a scroll of identify for 22 gold pieces
  3313 | D:5      | Found a sand-covered staircase.
  3318 | Ossuary  | Entered an ossuary
  3320 | Ossuary  | Gained mutation: You have sharp toenails. [potion of
                  | mutation]
  3320 | Ossuary  | Gained mutation: You are robust. (+10% HP) [potion of
                  | mutation]
  3569 | D:5      | Found a staircase to the Ecumenical Temple.
  3603 | Temple   | Entered the Ecumenical Temple
  3612 | Temple   | Became a worshipper of Warmaster Okawaru
  3858 | D:5      | Found a stormy altar of Qazlal.
  3859 | D:5      | Noticed a water elemental
  3861 | D:5      | Noticed a fire elemental
  3861 | D:5      | Noticed an air elemental
  3983 | D:6      | Reached skill level 10 in Bows
  4030 | D:6      | Reached skill level 1 in Invocations
  4062 | D:6      | Reached XP level 8. HP: 72/72 MP: 6/8
  4097 | D:6      | Reached skill level 4 in Fighting
  4097 | D:6      | Reached skill level 2 in Invocations
  4151 | D:6      | Noticed Prince Ribbit
  4167 | D:6      | Killed Prince Ribbit
  4167 | D:6      | Reached * piety under Okawaru
  4167 | D:6      | Reached skill level 5 in Fighting
  4167 | D:6      | Reached skill level 3 in Invocations
  4264 | D:6      | Reached skill level 4 in Invocations
  4793 | D:7      | Found a shimmering blue altar of Sif Muna.
  4860 | D:7      | Reached skill level 5 in Invocations
  4951 | D:7      | Got a scorched glaive
  4959 | D:7      | Identified the +6 glaive "Otedoq" {elec, rC+ SInv} (You
                  | found it on level 7 of the Dungeon)
  5063 | D:7      | Reached skill level 4 in Armour
  5082 | D:7      | Reached skill level 4 in Dodging
  5188 | D:7      | Reached XP level 9. HP: 49/81 MP: 11/11
  5686 | D:8      | Found a shimmering altar of Xom.
  5806 | D:8      | Reached skill level 5 in Armour
  5861 | D:8      | Reached skill level 5 in Dodging
  5887 | D:8      | Reached ** piety under Okawaru
  6297 | D:8      | Noticed Harold
  6321 | D:8      | Killed Harold
  6321 | D:8      | Reached *** piety under Okawaru
  6321 | D:8      | Reached skill level 11 in Bows
  6707 | D:8      | Reached skill level 12 in Bows
  6890 | D:9      | Found a staircase to the Orcish Mines.
  6894 | D:9      | Noticed a kobold demonologist
  7399 | D:9      | Received a gift from Okawaru
  7399 | D:9      | Reached XP level 10. HP: 73/89 MP: 12/12
  7450 | D:9      | Reached skill level 13 in Bows
  7460 | D:9      | Reached **** piety under Okawaru
  7806 | D:9      | Found a shadowy altar of Dithmenos.
  8296 | D:9      | Reached skill level 14 in Bows
  8573 | D:10     | Entered Level 10 of the Dungeon
  8702 | D:10     | Found a staircase to the Lair.
  8738 | D:10     | Reached skill level 6 in Fighting
  8779 | D:10     | Received a gift from Okawaru
  8879 | D:10     | Reached skill level 6 in Invocations
  8904 | D:10     | Found a blossoming altar of Fedhas.
  9083 | D:10     | Killed an unseen horror
  9083 | D:10     | Received a gift from Okawaru
  9083 | D:10     | Reached skill level 7 in Fighting
  9128 | D:10     | Paralysed by a hornet for 1 turns
  9137 | D:10     | Paralysed by a hornet for 1 turns
  9142 | D:10     | HP: 13/141 [hornet (7)]
  9147 | D:10     | HP: 14/141 [hornet (2)]
  9148 | D:10     | HP: 5/141 [hornet (10)]
  9735 | D:10     | Noticed Maurice
  9747 | D:10     | Killed Maurice
  9747 | D:10     | Reached XP level 11. HP: 101/101 MP: 15/15
 10018 | D:11     | Reached skill level 7 in Invocations
 10033 | D:11     | Received a gift from Okawaru
 10278 | D:11     | Upgraded the game from 0.26-a0-576-gcfaa98f945 to
                  | 0.26-a0-579-g3afe4966bf
 10298 | D:11     | Reached ***** piety under Okawaru
 10347 | D:11     | Found a shimmering altar of Xom.
 10431 | D:11     | Received a gift from Okawaru
 10562 | D:11     | Reached skill level 8 in Fighting
 10618 | D:11     | Noticed a two-headed ogre
 10638 | D:11     | Killed a two-headed ogre
 10842 | D:11     | Received a gift from Okawaru
 10894 | D:11     | You fall into a shaft and drop 3 floors!
 10942 | D:14     | Noticed a brown ugly thing
 10942 | D:14     | Noticed a brown ugly thing
 10945 | D:14     | Noticed a brown ugly thing
 10948 | D:14     | Noticed a brown ugly thing
 10950 | D:14     | Noticed a brown ugly thing
 10978 | D:15     | Entered Level 15 of the Dungeon
 10978 | D:15     | Noticed a two-headed ogre
 10986 | D:15     | HP: 2/104 [two-headed ogre/+0 giant spiked club (15)]
 10990 | D:15     | Killed a two-headed ogre
 10991 | D:15     | Noticed an orc knight
 11016 | D:15     | HP: 9/104 [orc knight/+0 long sword (5)]
 11027 | D:15     | Killed an orc knight
 11027 | D:15     | Reached skill level 9 in Fighting
 11027 | D:15     | Reached skill level 8 in Invocations
 11031 | D:15     | HP: 6/106 [orc warrior/+0 mace[an orc knight] (16)]
 11036 | D:15     | HP: 10/106 [orc warrior/+0 mace[an orc knight] (9)]
 11458 | D:15     | Killed a purple ugly thing
 11465 | D:15     | Killed a green ugly thing
 11467 | D:15     | Reached skill level 15 in Bows
 11790 | D:15     | HP: 10/106 [white ugly thing (20)]
 11794 | D:15     | Mangled by a white ugly thing

Illustrated notes

Levels and vault maps discovered:
D:1:      dpeg_arrival_fog, layout_loops_corners,
          nemelex_xobeh_ov_fountains_minmay
D:2:      layout_basic
D:3:      layout_loops_corners, kiku_gazebo_pond_becter, gammafunk_ghost_icy,
          uniq_jessica
D:4:      layout_rooms, gammafunk_temple_overflow_wave, serial_shops, shop,
          cheibriados_altar_1
D:5:      layout_rooms, temple_fountains, enter_ossuary_5, serial_shops, shop,
          nicolae_qazlal_style_of_elements
D:6:      layout_basic, uniq_prince_ribbit1
D:7:      layout_cave_pods, lemuel_blue_sif_altar
D:8:      layout_layer_cave, basic_altar, uniq_harold
D:9:      layout_roguey [special_room_kobold], orc_0_dummy, basic_altar
D:10:     layout_basic, dpeg_oklobed_lair, fedhas_altar_decomposition,
          uniq_maurice
D:11:     statuecave_lemuel, layout_stronghold, basic_altar,
          minmay_misc_feat_chi
D:14:     layout_big_octagon, nrook_mini_backslash
D:15:     hangedman_depths_entry_try_elsewhere_first, layout_loops_ring,
          grunt_decor_one_mirror, uniq_roxanne
Temple:   regret_index_temple_mists

Skill      XL: |  1  2  3  4  5  6  7  8  9 10 11 |
---------------+----------------------------------+-----
Stealth        | 1 |  1.0
Fighting       | 3 5 7 9 |  9.3
Bows           | 5 6 8 10 12 14 15 | 15.0
Dodging        | 3 4 5 |  5.0
Armour         | 2 3 4 5 |  5.0
Invocations    | 1 5 6 8 |  8.3

Action                   |  1- 3 |  4- 6 |  7- 9 | 10-12 || total
-------------------------+-------+-------+-------+-------++-------
Melee: Hand axe          |    70 |    96 |       |       ||   166
       Headbutt          |    11 |    30 |    60 |    55 ||   156
       Mace              |       |    42 |   309 |   161 ||   512
       Glaive            |       |       |    19 |       ||    19
       Shortbow          |       |       |     2 |     2 ||     4
       Punch             |       |       |     1 |       ||     1
       Long sword        |       |       |       |    10 ||    10
 Fire: Shortbow          |    13 |    63 |   146 |   431 ||   653
Throw: Boomerang         |       |     4 |    14 |       ||    18
Invok: Heroism           |       |       |     1 |     2 ||     3
Evoke: Wand              |       |       |       |     1 ||     1
  Use: Potion            |       |       |     4 |    11 ||    15
       Scroll            |       |       |     3 |     1 ||     4
Armor: Chain mail        |    44 |   104 |   325 |   196 ||   669
       Leather armour    |     1 |       |       |       ||     1
       Skin              |       |       |       |    29 ||    29
Dodge: Dodged            |    31 |    71 |   204 |   183 ||   489
       Rpst.: Long sword |       |       |       |     7 ||     7

Table legend: (Time is in decaauts)
 A = Elapsed time spent in this place.
 B = Non-inter-level travel time spent in this place.
 C = Inter-level travel time spent in this place.
 D = Time resting spent in this place.
 E = Time spent auto-exploring this place.
 F = Levels seen in this place.
 G = Mean time per level.
                   A        B        C        D        E       F      G
               +--------+--------+--------+--------+--------+-----+--------+
         Total |  11851 |  11344 |    507 |   2303 |   2497 |  15 |  790.1 |
       Dungeon |  11795 |  11288 |    507 |   2303 |   2497 |  13 |  907.3 |
        Temple |     24 |     24 |      0 |      0 |      0 |   1 |   24.0 |
       Ossuary |     32 |     32 |      0 |      0 |      0 |   1 |   32.0 |
               +--------+--------+--------+--------+--------+-----+--------+

Top non-repeatable levels by time:
     D:8: 1528 daAuts
     D:9: 1448 daAuts
    D:10: 1282 daAuts
     D:3: 1012 daAuts
     D:7: 953 daAuts
    D:11: 946 daAuts
     D:1: 882 daAuts
     D:6: 842 daAuts
     D:5: 824 daAuts
    D:15: 779 daAuts
     D:2: 648 daAuts
     D:4: 561 daAuts
    D:14: 86 daAuts
 Ossuary: 32 daAuts
  Temple: 24 daAuts
